Map: Ruins of Seras

Players

Novawulfen - Winner!

  • Race: Terran Terran
  • League: Gold

Kylo

  • Race: Protoss Protoss
  • League: Bronze

VOD

Have the link to the VOD?

Description

Time

  • Played on: Nov. 15, 2015, 7:19 a.m.
  • Length: 19:07
Show
View Real Time Build Order
Export as new Build Order

Novawulfen Terran - Winner!

Build Orders: MMM Bio 

Get SALT Encoding   

  12  0:01  SCV  
  13  0:13  SCV  
  14  0:18  Supply Depot  
  14  0:25  SCV  
  15  0:40  SCV  
  15  0:41  Barracks  
  16  0:46  Refinery  
  16  0:52  SCV  
  17  1:04  SCV  
  18  1:16  SCV  
  19  1:28  Orbital Command  
  19  1:29  Reaper  
  19  1:30  Supply Depot  
  20  1:55  SCV  
  20  2:01  Barracks Tech Lab, Barracks x2  
  21  2:08  SCV  
  22  2:27  SCV  
  25  2:30  Marine  
  25  2:33  Stimpack  
  24  2:42  SCV  
  25  2:48  Command Center  
  25  2:54  SCV, Marine x2  
  25  2:56  Marine  
  29  3:03  Supply Depot  
  29  3:08  SCV  
  29  3:12  Marine  
  31  3:20  Supply Depot  
  31  3:24  Marine  
  31  3:26  SCV  
  33  3:32  Engineering Bay  
  33  3:34  Marine  
  33  3:35  Marine  
  33  3:38  SCV  
  36  3:45  Refinery  
  36  3:51  SCV, Marine  
  37  4:09  SCV, Bunker  
  38  4:10  Orbital Command  
  38  4:12  Marauder  
  38  4:14  Marine  
  41  4:23  SCV  
  42  4:24  Marine  
  43  4:35  Terran Infantry Weapons Level 1, SCV  
  43  4:37  Combat Shields  
  44  4:41  Marine  
  45  4:47  SCV  
  36  5:01  Marauder, Marine x2  
  38  5:09  Orbital Command  
  38  5:11  Factory  
  38  5:19  SCV, Marine x2  
  41  5:23  Marauder  
  41  5:28  Bunker  
  43  5:33  Bunker  
  43  5:35  SCV x2  
  45  5:36  Marine  
  46  5:44  Command Center  
  46  5:47  SCV x2  
  46  5:49  Supply Depot  
  48  5:56  Marauder, Marine  
  50  5:57  Factory Tech Lab  
  50  6:02  Starport  
  50  6:13  SCV x2  
  50  6:17  Marauder, Marine  
  54  6:25  SCV  
  55  6:27  Siege Tank  
  55  6:29  Concussive Shells  
  55  6:31  SCV  
  59  6:37  SCV  
  60  6:41  Marauder  
  60  6:43  SCV  
  63  6:49  SCV  
  64  6:55  SCV  
  64  6:59  Marine  
  64  7:00  Marine  
  67  7:01  SCV  
  67  7:02  Marauder  
  66  7:17  Marine  
  66  7:18  SCV x2, Marine  
  66  7:20  Medivac  
  70  7:23  Marauder  
  70  7:27  Orbital Command  
  72  7:35  Marine  
  72  7:36  Marine  
  74  7:41  Refinery  
  74  7:42  Refinery  
  74  7:44  Marine  
  74  7:45  SCV  
  74  7:46  SCV  
  77  8:13  SCV x2, Marine  
  77  8:14  Marauder, Marine  
  83  8:23  Siege Tank  
  81  8:27  Orbital Command  
  81  8:31  Marine x2  
  81  8:35  Marauder  
  81  8:40  SCV x2  
  83  8:49  Marine x2  
  85  8:58  Refinery  
  85  9:02  SCV  
  85  9:03  Refinery  
  85  9:10  Supply Depot  
  85  9:13  Supply Depot  
  85  9:31  SCV x2, Marauder, Marine x2  
  91  9:43  SCV x2  
  93  9:49  Marine x2  
  95  9:53  Marauder  
  95  9:55  SCV x2  
  99  10:02  Barracks  
  99  10:03  Barracks x2  
  99  10:05  Engineering Bay, Barracks  
  99  10:06  Marine  
  100  10:07  SCV, Barracks Tech Lab  
  101  10:19  Marauder  
  100  10:24  Marine  
  101  10:33  Supply Depot  
  101  10:34  Supply Depot  
  101  10:36  Supply Depot  
  101  10:39  Supply Depot  
  101  10:41  Supply Depot  
  101  10:44  Terran Infantry Armor Level 1, Supply Depot  
  101  10:54  Marauder, Medivac  
  105  10:57  Armory  
  105  11:11  Marauder, Marine x3  
  105  11:12  Marine  
  105  11:16  Marauder  
  113  11:33  Marauder  
  113  11:37  Marauder  
  117  11:45  Command Center, Barracks Reactor x3, Supply Depot  
  117  11:50  Barracks Tech Lab  
  117  11:54  SCV x2, Widow Mine  
  117  11:57  Starport Reactor  
  117  11:58  Command Center, Barracks Tech Lab  
  117  12:00  Terran Infantry Weapons Level 2  
  121  12:06  SCV  
  121  12:07  SCV x2  
  124  12:10  Marauder  
  124  12:11  Marauder x2  
  130  12:25  Barracks x2  
  130  12:26  Barracks x3  
  130  12:33  Marauder x3, Marine x3  
  139  12:52  Marauder, Marine x6  
  139  12:54  Marine x2  
  139  12:55  Refinery  
  149  13:05  Marine  
  149  13:09  Orbital Command  
  149  13:10  Marine  
  149  13:12  Marauder  
  153  13:13  SCV x3  
  154  13:24  Marauder x2, Marine x4  
  154  13:25  Marauder  
  164  13:28  Barracks Reactor x4, Barracks Tech Lab  
  164  13:31  Terran Infantry Armor Level 2  
  164  13:33  Marauder  
  166  13:46  Marauder  
  168  13:55  Marine x3  
  169  13:56  Marauder x4, Marine x3  
  169  13:57  SCV x4  
  169  14:01  Planetary Fortress  
  186  14:06  Missile Turret  
  186  14:07  Refinery, Missile Turret  
  184  14:50  Marauder, Marine  
  184  14:51  Supply Depot  
  187  14:54  Supply Depot  
  187  14:55  Supply Depot  
  187  14:56  Supply Depot  
  187  15:00  Supply Depot  
  187  15:07  Marauder  
  187  15:11  Marine  
  187  15:12  Marauder, Marine x4  
  193  15:29  Supply Depot  
  193  15:55  Marauder x2, Marine x3  
  200  15:58  Terran Infantry Weapons Level 3, Terran Infantry Armor Level 3  
  200  16:00  Supply Depot  
  196  16:27  Medivac x2  
  196  16:32  Supply Depot  
  200  17:06  Supply Depot  
  200  17:12  Terran Vehicle And Ship Armor Level 1  
  200  17:34  Supply Depot  
  200  18:07  Supply Depot  
  196  18:50  Supply Depot  
Show
View Real Time Build Order
Export as new Build Order

Kylo Protoss 

Build Orders:  

Get SALT Encoding   

  12  0:05  Probe (Chrono Boost)  
  13  0:20  Pylon  
  13  0:26  Probe (Chrono Boost)  
  14  0:32  Assimilator  
  14  0:37  Probe (Chrono Boost)  
  14  0:42  Assimilator  
  15  0:49  Probe (Chrono Boost)  
  16  1:00  Probe (Chrono Boost)  
  17  1:19  Pylon  
  17  1:29  Nexus  
  17  1:44  Pylon  
  17  1:51  Forge  
  17  2:08  Gateway  
  17  2:26  Photon Cannon  
  17  2:31  Photon Cannon  
  16  2:38  Photon Cannon  
  16  2:50  Photon Cannon  
  16  2:57  Probe (Chrono Boost)  
  17  3:07  Probe (Chrono Boost)  
  17  3:12  Photon Cannon  
  18  3:31  Photon Cannon  
  16  3:41  Pylon  
  16  3:48  Gateway  
  16  3:53  Pylon  
  16  4:03  Photon Cannon  
  16  4:22  Photon Cannon  
  15  4:37  Pylon  
  15  4:41  Probe (Chrono Boost)  
  16  4:49  Zealot  
  16  4:52  Probe (Chrono Boost)  
  19  5:02  Probe (Chrono Boost)  
  20  5:13  Probe (Chrono Boost)  
  21  5:15  Probe (Chrono Boost)  
  22  5:23  Pylon  
  22  5:24  Probe (Chrono Boost)  
  22  5:25  Probe (Chrono Boost)  
  24  5:33  Cybernetics Core  
  24  5:34  Probe (Chrono Boost)  
  25  5:36  Probe (Chrono Boost)  
  26  5:45  Probe (Chrono Boost), Photon Cannon  
  27  5:51  Photon Cannon  
  27  6:10  Nexus  
  27  6:20  Stalker  
  29  6:31  Photon Cannon  
  29  6:37  Photon Cannon  
  29  6:50  Stalker  
  29  7:05  Photon Cannon  
  27  7:16  Nexus  
  27  7:30  Zealot  
  29  7:44  Robotics Facility  
  29  7:50  Cybernetics Core  
  29  7:54  Gateway  
  29  7:58  Zealot  
  31  8:02  Gateway  
  29  8:09  Probe (Chrono Boost)  
  30  8:14  Probe (Chrono Boost)  
  30  8:19  Probe (Chrono Boost)  
  32  8:24  Probe (Chrono Boost)  
  35  8:30  Probe (Chrono Boost)  
  32  8:41  Probe (Chrono Boost)  
  33  8:49  Pylon  
  33  9:05  Pylon  
  33  9:10  Sentry (Chrono Boost)  
  33  9:15  Adept x2 (Chrono Boost)  
  28  9:41  Adept (Chrono Boost)  
  28  9:45  Mothership Core, Adept (Chrono Boost)  
  34  9:51  Gateway  
  34  9:54  Gateway  
  34  9:57  Gateway  
  34  10:00  Gateway  
  34  10:04  Gateway  
  34  10:05  Adept (Chrono Boost)  
  30  10:07  Gateway  
  30  10:12  Adept (Chrono Boost)  
  26  10:29  Adept (Chrono Boost)  
  26  10:30  Probe  
  29  10:42  Probe  
  38  10:54  Probe  
  43  11:06  Probe  
  44  11:18  Probe  
  39  11:35  Stalker (Chrono Boost)  
  39  11:39  Stalker (Chrono Boost)  
  41  11:44  Nexus  
  37  11:55  Pylon  
  37  12:00  Pylon  
  39  12:01  Stalker (Chrono Boost)  
  39  12:05  Assimilator  
  41  12:09  Stalker (Chrono Boost)  
  41  12:10  Assimilator  
  41  12:20  Nexus  
  41  12:27  Stalker (Chrono Boost)  
  43  12:30  Gateway  
  43  12:36  Gateway  
  45  12:39  Stalker (Chrono Boost), Photon Cannon  
  45  12:45  Photon Cannon  
  45  12:50  Cybernetics Core  
  39  13:09  Probe  
  36  13:19  Probe  
  29  13:30  Probe  
  30  13:40  Probe x2  
  32  13:50  Probe  
  32  13:51  Probe  
  32  13:53  Zealot x2 (Chrono Boost)  
  38  14:01  Probe  
  39  14:12  Probe  
  24  14:20  Zealot x2 (Chrono Boost)  
  24  14:22  Probe  
  23  14:33  Stargate  
  23  14:53  Stargate  
  23  15:05  Forge  
  19  15:07  Probe  
  19  15:13  Assimilator  
  20  15:16  Assimilator  
  20  15:17  Probe  
  20  15:18  Probe  
  22  15:28  Probe  
  23  15:39  Probe  
  24  15:44  Photon Cannon  
  24  15:49  Probe  
  24  15:54  Pylon  
  25  16:08  Warp Gate  
  25  16:25  Photon Cannon  
  25  16:28  Mothership Core  
  27  16:35  Probe  
  28  16:46  Probe  
  29  16:56  Probe  
  29  16:57  Probe  
  31  17:07  Probe  
  31  17:11  Pylon  
  32  17:18  Probe  
  32  17:19  Pylon  
  33  17:29  Probe  
  32  17:31  Void Ray  
  14  18:13  Zealot  
  14  18:14  Zealot  
  8  18:38  Zealot  
Tags
 
Add a new tag
Caveats
  • Supply blocks, unpowered buildings, or Contaminate may cause inaccurate times.
  • Supply counts are checked every 10 seconds.